 Dungeon Crawl Stone Soup version 0.30-a0-21-g5d08c37080 (webtiles) character file.

Game seed: 2678549229043183739

82 daleorion the Trooper (level 4, 0/41 HPs)
             Began as a Minotaur Fighter on Aug 24, 2022.
             Slain by an ogre
             ... wielding a +0 giant club
              (27 damage)
             ... on level 3 of the Dungeon.
             The game lasted 00:08:52 (2984 turns).

daleorion the Trooper (Minotaur Fighter)            Turns: 2984, Time: 00:08:52

Health: 0/41       AC: 11    Str: 22    XL:     4   Next: 21%
Magic:  3/3        EV:  5    Int:  5    God:
Gold:   123        SH:  8    Dex: 10    Spells: 3/3 levels left

rFire   . . .      SeeInvis .    a - +0 war axe
rCold   . . .      Faith    .    e - +0 kite shield
rNeg    . . .      Spirit   .    f - +0 plate armour
rPois   +          Reflect  .    (helmet restricted)
rElec   .          Harm     .    (no cloak)
rCorr   .          Rampage  .    (no gloves)
Will    .....                    (no boots)
Stlth   ..........               (no amulet)
HPRegen 0.13/turn                g - ring of poison resistance
MPRegen 0.08/turn                (no ring)

@: no status effects
A: horns 2, retaliatory headbutt
a: no special abilities


You were on level 3 of the Dungeon.
You visited 1 branch of the dungeon, and saw 3 of its levels.

You collected 123 gold pieces.

Inventory:

Hand Weapons
 a - a +0 war axe (weapon)
Armour
 b - a +1 scale mail
 e - a +0 kite shield (worn)
 f - a +0 plate armour (worn)
Jewellery
 g - a ring of poison resistance (left hand)
Scrolls
 c - a scroll of immolation {unknown}
 h - a scroll of poison
 i - 3 scrolls of identify {unknown}
 j - a scroll of vulnerability {unknown}
 k - a scroll of blinking {unknown}
Potions
 d - a potion of might


   Skills:
 + Level 4.3 Fighting
 + Level 3.5 Axes
 + Level 4.1 Armour
 + Level 1.1 Dodging
 + Level 4.3 Shields


You had 3 spell levels left.
You didn't know any spells.
Your spell library was empty.

Dungeon Overview and Level Annotations

Branches:
Dungeon (3/15)

Altars:
Dithmenos

Shops:
D:2 ?   D:3 *?


Innate Abilities, Weirdness & Mutations

You have a pair of horns on your head.
You reflexively headbutt those who attack you in melee.


Message History

You kill the goblin!
You see here a +0 club.
You see here a +0 ring mail.
Found 9 stones.
You see here 9 stones. 2 rats come into view.
There are monsters nearby!
You block the rat's attack.
You slash the rat!
You kill the rat!
The rat bites you but does no damage.
You hit the rat. Your headbutt misses the rat.
The rat is moderately wounded.
The rat bites you but does no damage.
You slash the rat!
You kill the rat!
Things that are here:
a rat corpse; a rat corpse You now have 123 gold pieces (gained 7).
Things that are here:
a rat corpse; a rat corpse
Found Erchif Gaimo's Magic Scroll Shoppe.
There is an entrance to Erchif Gaimo's Magic Scroll Shoppe here.
An ogre comes into view. It is wielding a +0 giant club.
The ogre shouts!
An ogre is nearby!
You hit the ogre.
The ogre is lightly wounded.
The ogre barely misses you.
You hit the ogre.
The ogre is lightly wounded.
The ogre barely misses you.
You hit the ogre but do no damage. You headbutt the ogre.
The ogre is moderately wounded.
The ogre hits you with a +0 giant club!
You barely miss the ogre.
The ogre is moderately wounded.
The ogre hits you with a +0 giant club!!
Ouch! That really hurt!
You die...

##### ....#
##############
###.####
###∩.@O.....?..#
.......#
##.#.#######.......
###.##.# ##....#
.##.##. ###.##.#
#.....# .# #
....##.####....# .#
######.........# .#
#.# # #######.###
.# #.# ###### #.#
.. ... ##...# ##+#
#.#


You could see an ogre.

Vanquished Creatures
  An iguana (D:2)
  An adder (D:2)
  An orc (D:3)
  4 ball pythons
  7 endoplasms
  A giant cockroach (D:1)
  3 goblins
  7 hobgoblins
  5 bats
  2 frilled lizards
  9 kobolds
  4 rats
45 creatures vanquished.

Notes
Turn   | Place    | Note
-------+----------+-------------------------------------------
     0 | D:1      | daleorion the Minotaur Fighter began the quest for the Orb.
     0 | D:1      | Reached XP level 1. HP: 19/19 MP: 0/0
   301 | D:1      | Reached XP level 2. HP: 27/27 MP: 1/1
  1123 | D:2      | Reached XP level 3. HP: 28/33 MP: 2/2
  1346 | D:2      | Found a shadowy altar of Dithmenos.
  1501 | D:2      | Reached skill level 1 in Dodging
  1655 | D:2      | Reached XP level 4. HP: 40/41 MP: 3/3
  2088 | D:2      | Found Wifuoful's Magic Scroll Emporium.
  2882 | D:3      | Found Pabu's General Store.
  2957 | D:3      | Found Erchif Gaimo's Magic Scroll Shoppe.
  2970 | D:3      | Noticed an ogre
  2984 | D:3      | Slain by an ogre

Illustrated notes

Levels and vault maps discovered:
D:1:      amcnicky_arrival_blooded_trapdoor, layout_basic
D:2:      minmay_door_path, layout_loops_corners, basic_altar, serial_shops,
          shop, nicolae_concentric_dashed_squares_mild
D:3:      layout_loops_corners, bloody_makhleb, serial_shops, shop,
          nicolae_lakefront_shop, shop, shop, nrook_mini_backslash,
          minmay_misc_feat_secret_circle, kennysheep_generic_room_5

Skill      XL: |  1  2  3 |
---------------+----------+-----
Armour         | 4 |  4.1
Shields        | 4 |  4.3
Fighting       | 4 |  4.3
Axes           | 3 |  3.5
Dodging        | 1 |  1.1

Action                   |  1- 3 |  4- 6 || total
-------------------------+-------+-------++-------
Melee: War axe           |    71 |    22 ||    93
       Headbutt          |     7 |     5 ||    12
  Use: Potion            |     4 |     1 ||     5
       Scroll            |     3 |     2 ||     5
Armor: Scale mail        |    34 |     8 ||    42
       Plate armour      |       |     7 ||     7
Dodge: Dodged            |    25 |     6 ||    31
Block: Buckler           |    22 |     2 ||    24
       Kite shield       |       |    10 ||    10

Table legend: (Time is in decaauts)
 A = Elapsed time spent in this place.
 B = Non-inter-level travel time spent in this place.
 C = Inter-level travel time spent in this place.
 D = Time resting spent in this place.
 E = Time spent auto-exploring this place.
 F = Levels seen in this place.
 G = Mean time per level.
                   A        B        C        D        E       F      G
               +--------+--------+--------+--------+--------+-----+--------+
         Total |   3022 |   2642 |    380 |      0 |   1766 |   3 | 1007.3 |
       Dungeon |   3022 |   2642 |    380 |      0 |   1766 |   3 | 1007.3 |
               +--------+--------+--------+--------+--------+-----+--------+

Top non-repeatable levels by time:
     D:2: 1739 daAuts
     D:1: 1132 daAuts
     D:3: 150 daAuts
